 Dungeon Sprint DCSS version 0.21.0 (webtiles) character file.

1985 wojtek the Basher (level 9, 0/130 (133) HPs)
             Began as a Minotaur Berserker on Jan 6, 2018.
             Was a High Priest of Trog.
             Shot with a bolt by a yaktaur (19 damage)
             ... in the Dungeon (Sprint II: "The Violet Keep of Menkaure").
             The game lasted 00:03:04 (689 turns).

wojtek the Basher (Minotaur Berserker)               Turns: 689, Time: 00:03:05

HP:   0/130 (133)   AC:  3    Str: 31    XL:     9   Next: 1%
MP:   8/8           EV: 16    Int:  4    God:    Trog [*****.]
Gold: 972           SH:  0    Dex:  9    Spells: 8/8 levels left

rFire    . . .     SeeInvis .   a - +0 mace
rCold    . . .     Gourm    .   (no shield)
rNeg     . . .     Faith    .   b - +0 animal skin
rPois    .         Spirit   .   (helmet restricted)
rElec    .         Reflect  .   (no cloak)
rCorr    .         Harm     .   (no gloves)
MR       .....     NoTele   +   (no boots)
Stlth    ..........             (no amulet)
HPRegen  0.31/turn              (no ring)
MPRegen  0.11/turn              (no ring)

@: berserking (expiring), very quick
A: retaliatory headbutt, horns 2
a: Berserk, Trog's Hand, Brothers in Arms, Burn Spellbooks, Renounce Religion


You were in the Dungeon.
You worshipped Trog.
Trog was extremely pleased with you.
You were very hungry.

You visited 1 branch You collected 972 gold pieces.

Inventory:

Hand Weapons
 a - a +0 mace (weapon)
Armour
 b - a +0 animal skin (worn)
Scrolls
 i - a scroll of blinking
Potions
 d - a potion of curing
 e - a potion of heal wounds
 f - a potion of haste
 g - 2 potions of magic
 h - a potion of berserk rage
Comestibles
 c - a ration


   Skills:
 + Level 11.3 Fighting
 * Level 14.9 Maces & Flails
 + Level 11.1 Armour
 + Level 10.2 Dodging


You had 8 spell levels left.
You didn't know any spells.

Dungeon Overview and Level Annotations

Branches:
Dungeon (1/1)

Altars:
Cheibriados
Dithmenos
Elyvilon
Fedhas
Gozag
Kikubaaqudgha
Makhleb
Nemelex Xobeh
Okawaru
Sif Muna
Trog
Uskayaw
Vehumet
Xom
Yredelemnul
Zin
Beogh
Jiyva
Lugonu

Shops:
D :%[==![**:[(?![}

Annotations:
D exclusion: oklob plant


Innate Abilities, Weirdness & Mutations

You reflexively headbutt those who attack you in melee.
You have a pair of horns on your head.


Message History

The polar bear claws you.
* * * LOW HITPOINT WARNING * * *
The polar bear claws you but does no damage.
The yaktaur hits you.
* * * LOW HITPOINT WARNING * * *
You see here a polar bear corpse.
You bludgeon the polar bear!!
The polar bear is severely wounded.
You feel yourself speed up.
You bludgeon the polar bear!!
You kill the polar bear!
Trog accepts your kill.
Your Armour skill increases to level 11!
You have reached level 9!
Your experience leads to an increase in your attributes!
Your base attributes are Str 25, Int 4, Dex 9.
Increase (S)trength, (I)ntelligence, or (D)exterity?
You feel stronger.
The yaktaur wields an arbalest.
The yaktaur shoots a bolt.
The bolt hits you!!
You die...

.....# +## #. #.##.####
+.### #..# ...# ...####
..####..## #..##$#
'###.##..# +..#..#
.##...#..# #..#†c#
<.÷##.'..####..##†# !
.##.÷.#....###..@##▓▓▓▓
'###.##......≈≈≈≈≈≈≈≈≈≈≈
).####≈≈.....≈#+########
#..#≈≈≈≈≈≈≈§.≈#_._.....#
..##≈≈≈≈≈§≈§§≈#._._....#
+##≈≈§≈§≈§≈§≈≈#_._._...#
≈≈≈≈§§≈≈≈≈§§≈#._._._..#
+++#≈§≈≈≈≈≈≈≈#_._._._.#
##≈≈§###≈§#._._._._


You could see a yaktaur.

Vanquished Creatures
  A merfolk siren (D)
  A hornet (D)
  3 polar bears (D)
  2 tyrant leeches (D)
  Menkaure (D)
  4 necrophages (D)
  3 worms (D)
15 creatures vanquished.

Vanquished Creatures (others)
  A crocodile (D)
1 creature vanquished.

Grand Total: 16 creatures vanquished

Notes
Turn   | Place    | Note
-------+----------+-------------------------------------------
     0 | D        | wojtek the Minotaur Berserker began the quest for the Orb.
     0 | D        | Reached XP level 1. HP: 19/19 MP: 0/0
     6 | D        | Reached skill level 4 in Maces & Flails
    55 | D        | Killed a crocodile
   247 | D        | Noticed an ice statue
   251 | D        | Reached ** piety under Trog
   251 | D        | Reached XP level 2. HP: 21/27 MP: 1/1
   320 | D        | Noticed a necrophage
   320 | D        | Noticed a necrophage
   320 | D        | Noticed a necrophage
   320 | D        | Noticed a necrophage
   323 | D        | Killed a necrophage
   323 | D        | Reached skill level 7 in Maces & Flails
   323 | D        | Reached skill level 5 in Armour
   323 | D        | Reached XP level 3. HP: 37/37 MP: 2/2
   323 | D        | Reached XP level 4. HP: 44/44 MP: 3/3
   333 | D        | Killed a necrophage
   333 | D        | Reached skill level 9 in Maces & Flails
   333 | D        | Reached skill level 5 in Dodging
   333 | D        | Reached XP level 5. HP: 51/51 MP: 4/4
   338 | D        | Killed a necrophage
   338 | D        | Reached *** piety under Trog
   338 | D        | Reached skill level 10 in Maces & Flails
   338 | D        | Reached XP level 6. HP: 59/59 MP: 5/5
   380 | D        | Noticed a merfolk siren
   396 | D        | Killed a merfolk siren
   396 | D        | Reached skill level 12 in Maces & Flails
   396 | D        | Reached XP level 7. HP: 63/68 MP: 6/6
   420 | D        | Noticed a tyrant leech
   420 | D        | Noticed a tyrant leech
   426 | D        | Killed a tyrant leech
   426 | D        | Reached **** piety under Trog
   439 | D        | Killed a tyrant leech
   439 | D        | Reached skill level 10 in Fighting
   439 | D        | Reached skill level 13 in Maces & Flails
   439 | D        | Reached XP level 8. HP: 59/77 MP: 7/7
   597 | D        | Found Beodgh's Armour Emporium.
   598 | D        | Found Efiliuq's Book Shoppe.
   598 | D        | Found Haross's General Store.
   598 | D        | Found Cuceuliag's Jewellery Shoppe.
   598 | D        | Found Yfac's Assorted Antiques.
   598 | D        | Found Cazeyvar's Antique Weapon Shoppe.
   598 | D        | Found Nehadyng's Jewellery Emporium.
   598 | D        | Found Nenwetosch's Distillery.
   598 | D        | Found Ciattize's Antique Armour Emporium.
   598 | D        | Found Zuasol's Gadget Shoppe.
   598 | D        | Found Jus Xioj's Antique Armour Emporium.
   599 | D        | Found Owoireb's Antique Armour Shoppe.
   599 | D        | Found Xismeut's Magic Scroll Shoppe.
   599 | D        | Found Zonom's Distillery.
   599 | D        | Found Hocsunli's Food Emporium.
   599 | D        | Noticed Menkaure
   611 | D        | Killed Menkaure
   611 | D        | Reached skill level 10 in Armour
   615 | D        | Noticed an oklob plant
   616 | D        | Found Tidonuaw's Book Shoppe.
   661 | D        | Found an iron altar of Okawaru.
   661 | D        | Found a radiant altar of Vehumet.
   661 | D        | Found a glowing silver altar of Zin.
   662 | D        | Found a sparkling altar of Nemelex Xobeh.
   662 | D        | Found a hide-covered altar of Uskayaw.
   662 | D        | Found a basalt altar of Yredelemnul.
   663 | D        | Found an opulent altar of Gozag.
   663 | D        | Found a burning altar of Makhleb.
   663 | D        | Found a bloodstained altar of Trog.
   663 | D        | Found a shimmering altar of Xom.
   664 | D        | Found a blossoming altar of Fedhas.
   664 | D        | Found a corrupted altar of Lugonu.
   664 | D        | Found a deep blue altar of Sif Muna.
   665 | D        | Found a white marble altar of Elyvilon.
   665 | D        | Found an ancient bone altar of Kikubaaqudgha.
   666 | D        | Found a shadowy altar of Dithmenos.
   666 | D        | Found a viscous altar of Jiyva.
   667 | D        | Found a snail-covered altar of Cheibriados.
   668 | D        | Found a roughly hewn altar of Beogh.
   668 | D        | Noticed a polar bear
   675 | D        | Killed a polar bear
   675 | D        | Reached skill level 14 in Maces & Flails
   676 | D        | Noticed a yaktaur
   676 | D        | Noticed a hornet
   676 | D        | Noticed a polar bear
   677 | D        | Noticed a polar bear
   681 | D        | Killed a polar bear
   681 | D        | Reached ***** piety under Trog
   683 | D        | Killed a hornet
   683 | D        | Reached skill level 10 in Dodging
   689 | D        | Killed a polar bear
   689 | D        | Reached XP level 9. HP: 19/87 MP: 8/8
   689 | D        | Shot with a bolt by a yaktaur

Skill      XL: |  1  2  3  4  5  6  7  8 |
---------------+-------------------------+-----
Fighting       | 4 6 7 9 10 11 | 11.3
Maces & Flails | 4 7 9 10 12 13 14 | 14.9
Armour         | 3 5 6 7 9 11 | 11.1
Dodging        | 3 4 5 6 8 9 10 | 10.2

Action                   |  1- 3 |  4- 6 |  7- 9 || total
-------------------------+-------+-------+-------++-------
Melee: Mace              |     9 |    33 |    35 ||    77
       Headbutt          |     3 |     5 |     9 ||    17
Invok: Berserk           |     1 |       |     2 ||     3
  Eat: Chunk             |       |       |     1 ||     1
Armor: Animal skin       |       |     2 |     4 ||     6
Dodge: Dodged            |     1 |     9 |    13 ||    23
